 Dungeon Crawl Stone Soup version 0.19-a0-981-gaae9137 (webtiles) character file.

146 4thArraOfDagon the Ruffian (level 5, -5/46 HPs)
             Began as a Troll Earth Elementalist on July 14, 2016.
             Was a Follower of Qazlal.
             Slain by an ogre
             ... wielding a +0 giant club
              (24 damage)
             ... on level 4 of the Dungeon.
             The game lasted 00:04:22 (923 turns).

4thArraOfDagon the Ruffian (TrEE)                    Turns: 923, Time: 00:04:23

Health: -5/46      AC:  5    Str: 16    XL:     5   Next: 7%
Magic:  5/5        EV: 10    Int: 18    God:    Qazlal [*.....]
Gold:   38         SH:  1    Dex: 10    Spells: 1 memorised, 5 levels left

rFire  . . .     SeeInvis .       - Unarmed
rCold  . . .     Gourm    +     c - +0 robe
rNeg   . . .     Faith    .     (no shield)
rPois  .         Spirit   .     (helmet restricted)
rElec  .         Dismiss  .     (no cloak)
rCorr  .         Reflect  .     (gloves unavailable)
SustAt .         Harm     .     (boots unavailable)
MR     .....                    (no amulet)
Stlth  +.........               h - ring of flight
                                f - +6 ring of intelligence

@: not resistant to hostile enchantments, very unstealthy
A: unfitting armour, claws 3, fast metabolism 3, gourmand, regeneration 2,
shaggy fur 1, tough skin 2
a: Renounce Religion, Evoke Flight


You were on level 4 of the Dungeon.
You worshipped Qazlal.
Qazlal was aware of your devotion.
You were very full.

You visited 1 branch of the dungeon, and saw 5 of its levels.

You collected 38 gold pieces.

Inventory:

Missiles
 b - 18 stones (quivered)
Armour
 c - a +0 robe (worn)
Jewellery
 f - a +6 ring of intelligence (left claw)
 h - a ring of flight (right claw)
Scrolls
 g - 2 scrolls of amnesia {unknown}
 j - 2 scrolls of identify {unknown}
 l - 2 scrolls of noise {unknown}
 n - a scroll of fear {unknown}
Potions
 a - a potion of ambrosia {unknown}
 i - a potion of curing {unknown}
 m - a potion of heal wounds {unknown}
Books
 e - a book of Geomancy

   Spells                             Type                      Level
   a - Sandblast                      Earth                        1
   b - Passwall                       Transmutation/Earth          2
   c - Stone Arrow                    Conjuration/Earth            3
   d - Petrify                        Transmutation/Earth          4
   e - Lee's Rapid Deconstruction     Earth                        5
Comestibles
 d - 2 bread rations
 k - a meat ration


   Skills:
 + Level 0.5 Fighting
 + Level 2.1 Dodging
 - Level 1.1 Stealth
 * Level 4.0 Unarmed Combat
 - Level 1.2 Spellcasting
   Level 0.6 Transmutations
 - Level 2.6 Earth Magic
 + Level 1.0 Invocations


You had 5 spell levels left.
You knew the following spells:

 Your Spells              Type           Power        Failure   Level  Hunger
a - Sandblast             Erth           ##....       8%          1    ##.....


Dungeon Overview and Level Annotations

Branches:
Dungeon (5/15)
 Temple: D:4-7

Altars:
Kikubaaqudgha
Qazlal


Innate Abilities, Weirdness & Mutations

You are too large for most types of armour.
You have claws for hands.
Your metabolism is lightning-fast.
You like to eat raw meat.
You heal very quickly.
You are covered in fur. (AC +1)
You have very tough skin. (AC +2)


Message History

There is a stone staircase leading up here.
Unknown command.
Found a scroll labeled KYAXOA TARO.
You enter a teleport trap!
The teleport trap disappears.
Your surroundings suddenly seem different.
Found a dagger.
You scratch the ogre.
The ogre is moderately wounded.
The ogre hits you with a giant club!
Unknown command.
You scratch the ogre.
The ogre is moderately wounded.
You barely miss the ogre.
The ogre is moderately wounded.
The ogre hits you with a giant club!!
You claw the ogre!
The ogre is severely wounded.
The ogre hits you with a giant club!!
Ouch! That really hurt!
You die...

#.# .# #.# .. #.#
#.# #.# #.# #.#
#.# # #.#
##.#####.#.# #(#
....(......####.#
#).....@O.......#
#..#####.#####.(#
.........###..#
######.#.....<#
#.#####.## #.#
#.# #.# #.# ..#
..# $# .##


You could see an ogre.

Vanquished Creatures
  2 orc wizards
  Terence (D:2)
  An ooze (D:3)
  3 worms
  A dart slug (D:3)
  5 giant geckos
  6 orcs
  A ball python (D:1)
  2 giant cockroaches
  A goblin (D:1)
  2 hobgoblins
  4 jackals (D:3)
  4 kobolds
  3 bats
  A giant newt (D:3)
  4 rats
41 creatures vanquished.

Notes
Turn   | Place    | Note
-------+----------+-------------------------------------------
     0 | D:1      | 4thArraOfDagon the Troll Earth Elementalist began the quest for the Orb.
     0 | D:1      | Reached XP level 1. HP: 16/16 MP: 1/1
    17 | D:1      | Reached skill level 1 in Unarmed Combat
   147 | D:1      | Reached XP level 2. HP: 24/24 MP: 2/2
   183 | D:2      | Noticed Terence
   198 | D:2      | Killed Terence
   198 | D:2      | Reached skill level 2 in Unarmed Combat
   198 | D:2      | Reached XP level 3. HP: 29/31 MP: 0/3
   262 | D:2      | You fall through a shaft for 2 floors!
   274 | D:5      | Entered Level 5 of the Dungeon
   279 | D:4      | Reached skill level 3 in Unarmed Combat
   314 | D:4      | Noticed an ogre
   343 | D:2      | Found a stormy altar of Qazlal.
   343 | D:2      | Found an ancient bone altar of Kikubaaqudgha.
   351 | D:2      | Became a worshipper of Qazlal Stormbringer
   373 | D:3      | Reached XP level 4. HP: 20/39 MP: 4/4
   513 | D:3      | Reached * piety under Qazlal
   537 | D:3      | Reached skill level 4 in Unarmed Combat
   750 | D:1      | Reached XP level 5. HP: 43/46 MP: 5/5
   842 | D:2      | Reached skill level 1 in Invocations
   923 | D:4      | Slain by an ogre

Vault maps used:
D:1:      onia_arrival_larder
D:2:      nicolae_overflow_hidden_temple, uniq_terence
D:3:      grunt_temple_overflow_holy_war
D:4:      serial_bayou_crossing
D:5:      first_bread, minmay_misc_feat_four_crosses, hangedman_decor_points,
          uniq_menkaure, uniq_sigmund, uniq_grinder

Skill      XL: |  1  2  3  4  5 |
---------------+----------------+-----
Unarmed Combat | 1 2 3 4 |  4.0
Dodging        | 2 |  2.1
Invocations    | 1 |  1.0
Fighting       | |  0.5
Stealth        | |  1.1
Spellcasting   | |  1.2
Transmutations | |  0.6
Earth Magic    | |  2.6

Action                   |  1- 3 |  4- 6 || total
-------------------------+-------+-------++-------
Melee: Unarmed           |    57 |    93 ||   150
       Punch             |       |     1 ||     1
 Cast: Sandblast         |     2 |       ||     2
 Stab: Sleeping          |       |     1 ||     1
  Eat: Chunk             |     6 |     6 ||    12
       Beef jerky        |       |     1 ||     1
Armor: Robe              |    25 |    25 ||    50
Dodge: Dodged            |    25 |    36 ||    61
Block: Other             |       |     4 ||     4
